[Event "2022 Norbert Muller Cup (Division A)"]
[Site "Woodvale, Perth WA AUS"]
[Date "2022.11.13"]
[Round "1"]
[White "Plaganyi, Gyula"]
[Black "Saxon, Marc"]
[Result "1-0"]
[EventDate "2022.10.12"]
[EventType "tourn"]
[EventRounds "7"]
[EventCountry "AUS"]
[TimeControl "3600+30"]
[WhiteElo "1891"]
[WhiteTitle "CM"]
[BlackElo "2023"]
[ECO "D94"]
[PlyCount "65"]

{Played at Kingsley Open} 1. d4 Nf6 2. c4 g6 3. Nc3 d5 4. e3 Bg7 5. Nf3 O-O 6.
cxd5 Nxd5 7. Bc4 Be6 8. Qb3 Nxc3 9. Bxe6 Ne4 10. Qxb7 c6 11. Bh3 e6 12. O-O Qb6
13. Qxb6 axb6 14. g3 Nd7 15. Bg2 Nef6 16. Bd2 Nd5 17. Rfc1 Rfc8 18. a3 h6 19.
Ne1 Kf8 20. Nd3 Ke7 21. e4 N5f6 22. Bb4+ Ke8 23. e5 Nd5 24. Bxd5 exd5 25. Rc2
c5 26. Rac1 Kd8 27. dxc5 bxc5 28. Nxc5 Nxe5 29. Rd1 d4 30. Rxd4+ Kc7 31. Kg2
Nc6 32. Rd7+ Kb6 33. Rb7# 1-0

[Event "2022 Norbert Muller Cup (Division A)"]
[Site "Woodvale, Perth WA AUS"]
[Date "2022.10.12"]
[Round "1"]
[White "Davoll, Josh"]
[Black "Maggs, Derwent"]
[Result "0-1"]
[EventDate "2022.10.12"]
[EventType "tourn"]
[EventRounds "7"]
[EventCountry "AUS"]
[TimeControl "3600+30"]
[WhiteElo "1911"]
[BlackElo "2310"]
[ECO "B53"]
[PlyCount "94"]

1. e4 c5 2. Nf3 d6 3. d4 cxd4 4. Qxd4 Nc6 5. Bb5 Bd7 6. Bxc6 Bxc6 7. Nc3 e6 8.
Qd3 Be7 9. Bf4 Nf6 10. Nd4 e5 11. Nxc6 bxc6 12. Bg5 Qc7 13. Rd1 Rd8 14. O-O O-O
15. Qc4 Qb7 16. Bxf6 Bxf6 17. b4 Be7 18. b5 Rc8 19. Rd2 Rfd8 20. bxc6 Rxc6 21.
Qb5 Qxb5 22. Nxb5 a6 23. Na3 Rc3 24. Nb1 Rc4 25. f3 Bg5 26. Re2 d5 27. exd5
Rxd5 28. Na3 Rc3 29. f4 Bxf4 30. Rxf4 Rxa3 31. Rc4 f6 32. c3 Rd1+ 33. Kf2 Ra1
34. Kf3 R1xa2 35. Re3 Kf7 36. Rd3 Rc2 37. Ke4 Rxg2 38. Rc7+ Kg6 39. Rdd7 Rg4+
40. Kd5 Kf5 41. h3 Rg3 42. c4 e4 43. Re7 Rxh3 44. Rxg7 e3 45. Rce7 Rd3+ 46. Kc6
Rh4 47. Rxe3 Rxc4+ 0-1

[Event "2022 Norbert Muller Cup (Division A)"]
[Site "Woodvale, Perth WA AUS"]
[Date "2022.10.12"]
[Round "1"]
[White "Lakner, Jay"]
[Black "Gibson, Jacob"]
[Result "1-0"]
[EventDate "2022.10.12"]
[EventType "tourn"]
[EventRounds "7"]
[EventCountry "AUS"]
[TimeControl "3600+30"]
[WhiteElo "2099"]
[BlackElo "1917"]
[ECO "A29"]
[PlyCount "43"]

1. c4 e5 2. Nc3 Nf6 3. Nf3 Nc6 4. g3 Bb4 5. Bg2 d6 6. O-O Be6 7. d4 Bxc4 8. d5
Ne7 9. Qa4+ Kf8 10. Qxb4 Ba6 11. Rd1 h6 12. Nxe5 dxe5 13. d6 cxd6 14. Rxd6 Qe8
15. Rxa6 bxa6 16. Bxa8 Qxa8 17. Be3 Qe8 18. Bc5 Nd7 19. Nd5 Nxc5 20. Qxc5 h5
21. Rd1 Rh6 22. Nxe7 1-0

[Event "2022 Norbert Muller Cup (Division A)"]
[Site "Woodvale, Perth WA AUS"]
[Date "2022.11.13"]
[Round "1"]
[White "Wolstencroft, Alan"]
[Black "Maris, Rob"]
[Result "1/2-1/2"]
[EventDate "2022.10.12"]
[EventType "tourn"]
[EventRounds "7"]
[EventCountry "AUS"]
[TimeControl "3600+30"]
[WhiteElo "1900"]
[BlackElo "2072"]
[ECO "B48"]
[PlyCount "71"]

{Played at Kingsley Open} 1. e4 c5 2. Nf3 Nc6 3. d4 cxd4 4. Nxd4 e6 5. Nc3 Qc7
6. Be3 a6 7. Qd2 Bb4 8. Bd3 Nf6 9. O-O-O O-O 10. f3 b5 11. a3 Be7 12. Nce2 Na5
13. Kb1 Bb7 14. g4 d6 15. g5 Nd7 16. Nb3 Nc4 17. Bxc4 bxc4 18. Nbd4 Rab8 19.
Nc3 Nc5 20. Qe2 d5 21. exd5 Bxd5 22. Ka1 Rfe8 23. h4 Qa5 24. Bd2 Rxb2 25. Ncb5
c3 26. Bxc3 Ra2+ 27. Kb1 Qa4 28. Bb4 a5 29. Nc3 axb4 30. Nxa4 Nxa4 31. Nb5 b3
32. Rxd5 Rb2+ 33. Ka1 exd5 34. Qd3 Ra2+ 35. Kb1 Rb2+ 36. Ka1 1/2-1/2

[Event "2022 Norbert Muller Cup (Division B)"]
[Site "Woodvale, Perth WA AUS"]
[Date "2022.10.12"]
[Round "1"]
[White "Stortz, Robert"]
[Black "Clarke, Daniel"]
[Result "0-1"]
[EventDate "2022.10.12"]
[EventType "tourn"]
[EventRounds "7"]
[EventCountry "AUS"]
[TimeControl "3600+30"]
[WhiteElo "1838"]
[BlackElo "1834"]
[ECO "D02"]
[PlyCount "112"]

1. d4 Nf6 2. Bf4 d5 3. e3 c5 4. c3 Nc6 5. Nf3 Qb6 6. Qb3 c4 7. Qxb6 axb6 8.
Nbd2 Bf5 9. Be2 h6 10. O-O e6 11. h3 b5 12. b4 Ra3 13. Rfc1 Kd7 14. Ne5+ Nxe5
15. dxe5 Ne8 16. f3 g5 17. Bh2 f6 18. e4 Bg6 19. Nb1 Ra6 20. Rd1 Kc6 21. exd5+
exd5 22. f4 gxf4 23. Bxf4 fxe5 24. Bxe5 Bg7 25. Bxg7 Nxg7 26. Bf3 Bd3 27. Kf2
Rf8 28. Nd2 Rfa8 29. Nf1 Rxa2+ 30. Rxa2 Rxa2+ 31. Ke1 Nf5 32. Rc1 Bxf1 33. Kxf1
Ng3+ 34. Ke1 Ne4 35. h4 Kd6 36. Bxe4 dxe4 37. Rd1+ Ke5 38. g4 Rc2 39. g5 hxg5
40. hxg5 Rg2 41. Rd7 Rxg5 42. Rxb7 Kf4 43. Kf2 e3+ 44. Ke1 Ke4 45. Rd7 Rd5 46.
Ra7 Kd3 47. Re7 Rh5 48. Kf1 e2+ 49. Kg2 Rg5+ 50. Kf2 Rf5+ 51. Kg2 Rf1 52. Rd7+
Kxc3 53. Rh7 e1=Q 54. Rh3+ Kxb4 55. Rf3 Qe2+ 56. Kh3 Qxf3+ 0-1

[Event "2022 Norbert Muller Cup (Division B)"]
[Site "Woodvale, Perth WA AUS"]
[Date "2022.10.12"]
[Round "1"]
[White "Gough, Dylan"]
[Black "Janceski, Alex"]
[Result "1/2-1/2"]
[EventDate "2022.10.12"]
[EventType "tourn"]
[EventRounds "7"]
[EventCountry "AUS"]
[TimeControl "3600+30"]
[WhiteElo "1727"]
[BlackElo "1886"]
[ECO "D37"]
[PlyCount "109"]

1. d4 d5 2. c4 e6 3. Nc3 Nf6 4. e3 Be7 5. Nf3 O-O 6. Bd2 c5 7. cxd5 Nxd5 8. Bd3
a6 9. O-O b5 10. Qc2 c4 11. Bxh7+ Kh8 12. Be4 Bb7 13. a3 Nd7 14. Bxd5 exd5 15.
Rfe1 f5 16. Ne2 Bd6 17. Bb4 Bxb4 18. axb4 g5 19. Ng3 Qf6 20. Qc3 Rae8 21. Nd2
Re7 22. f4 g4 23. Re2 Rh7 24. Ree1 Qg6 25. Qc2 Bc8 26. b3 Nb6 27. bxc4 dxc4 28.
e4 fxe4 29. Qxe4 Qxe4 30. Ndxe4 Nd5 31. Ng5 Ra7 32. Ne6 Bxe6 33. Rxe6 Nxb4 34.
Ne2 Kg7 35. g3 Rd8 36. Nc3 Rda8 37. d5 Nc2 38. Ra2 Nd4 39. Rb6 Nb3 40. Kf2 Nc1
41. Ra1 Nd3+ 42. Ke3 b4 43. Ne4 a5 44. Kd4 Nb2 45. f5 Rc8 46. Nd6 Rf8 47. f6+
Kg6 48. Nxc4 Nxc4 49. Kxc4 Rxf6 50. Rxf6+ Kxf6 51. Rf1+ Ke5 52. Re1+ Kf5 53.
Rf1+ Ke5 54. Re1+ Kf5 55. Rf1+ 1/2-1/2

[Event "2022 Norbert Muller Cup (Division B)"]
[Site "Woodvale, Perth WA AUS"]
[Date "2022.10.12"]
[Round "1"]
[White "Garang, Kuol Awan"]
[Black "Leonhardt, Wolfgang"]
[Result "0-1"]
[EventDate "2022.10.12"]
[EventType "tourn"]
[EventRounds "7"]
[EventCountry "AUS"]
[TimeControl "3600+30"]
[WhiteElo "1666"]
[BlackElo "1776"]
[ECO "C61"]
[PlyCount "74"]

1. e4 e5 2. Nf3 Nc6 3. Bb5 Nd4 4. Nxe5 Qg5 5. Bxd7+ Bxd7 6. Nxd7 Kxd7 7. O-O
Rd8 8. c3 Nc6 9. d4 Qg6 10. d5 Kc8 11. Qa4 Nb8 12. Re1 Nf6 13. Nd2 Nbd7 14.
Qxa7 Bc5 15. Qa4 Ne5 16. b4 Bb6 17. Qc2 h5 18. c4 Bd4 19. Rb1 Nfg4 20. Re2 Nd7
21. Nf3 Bf6 22. Bf4 Nde5 23. Nd4 Rhe8 24. Qa4 Nd3 25. Qa8+ Kd7 26. Qxb7 Nxf4
27. Nc6 Nxe2+ 28. Kf1 Nxh2+ 29. Ke1 Qxe4 30. Nb8+ Rxb8 31. Qc6+ Kd8 32. Rb3
Nd4+ 33. Re3 Nc2+ 34. Kd1 Nxe3+ 35. fxe3 Qd3+ 36. Kc1 Qxe3+ 37. Kc2 Qc3+ 0-1

[Event "2022 Norbert Muller Cup (Division B)"]
[Site "Woodvale, Perth WA AUS"]
[Date "2022.10.12"]
[Round "1"]
[White "Doshi, Chirag"]
[Black "O'Shaughnessy, Dave"]
[Result "1/2-1/2"]
[EventDate "2022.10.12"]
[EventType "tourn"]
[EventRounds "7"]
[EventCountry "AUS"]
[TimeControl "3600+30"]
[WhiteElo "1831"]
[BlackElo "1788"]
[ECO "A40"]
[PlyCount "66"]

1. e4 Nc6 2. d4 e5 3. d5 Nce7 4. c4 d6 5. Nc3 f5 6. Bd3 Nf6 7. Bg5 fxe4 8. Nxe4
Neg8 9. Ne2 Be7 10. O-O Nxe4 11. Bxe7 Qxe7 12. Bxe4 Nf6 13. Ng3 Nxe4 14. Nxe4
O-O 15. b4 Bf5 16. Ng3 Bg6 17. Qb3 Rf6 18. f3 h5 19. Ne4 Bxe4 20. fxe4 Raf8 21.
Qd3 Qe8 22. Rxf6 Rxf6 23. c5 Qg6 24. Rf1 Qf7 25. a4 Rxf1+ 26. Qxf1 Qxf1+ 27.
Kxf1 g5 28. g3 Kf7 29. h4 g4 30. Ke2 Ke7 31. Kd3 Kd7 32. Kc4 Kc8 33. b5 b6
1/2-1/2

[Event "2022 Norbert Muller Cup (Division C)"]
[Site "Woodvale, Perth WA AUS"]
[Date "2022.11.01"]
[Round "1"]
[White "De Vas, Yonal"]
[Black "Boswarva, Ernest"]
[Result "1-0"]
[EventDate "2022.10.12"]
[EventType "tourn"]
[EventRounds "7"]
[EventCountry "AUS"]
[TimeControl "3600+30"]
[WhiteElo "1543"]
[BlackElo "1518"]
[ECO "D31"]
[PlyCount "71"]

{Played away from club} 1. d4 d5 2. c4 c6 3. Nc3 e6 4. Nf3 Bd6 5. Bg5 Nf6 6. a3
a5 7. e4 dxe4 8. Nxe4 Be7 9. Ng3 Nbd7 10. Bd3 b6 11. O-O h6 12. Bf4 Bb7 13. Re1
O-O 14. Qe2 Re8 15. Rad1 Bf8 16. Ne5 c5 17. Nxd7 Nxd7 18. dxc5 Bxc5 19. Ne4 Bd4
20. Nd6 Qf6 21. Nxe8 Qxf4 22. Be4 Be5 23. g3 Qxe4 24. Qxe4 Bxe4 25. Rxe4 Bxb2
26. Rxd7 Rxe8 27. Rb7 Bxa3 28. Rxb6 Bb4 29. Rb5 f6 30. c5 Rc8 31. Rc4 Kf7 32.
Rb7+ Kg6 33. c6 Bd6 34. c7 Be5 35. f4 Bd6 36. Rc6 1-0

[Event "2022 Norbert Muller Cup (Division C)"]
[Site "Woodvale, Perth WA AUS"]
[Date "2022.10.12"]
[Round "1"]
[White "Browning, Thomas"]
[Black "Oswald, Franz"]
[Result "0-1"]
[EventDate "2022.10.12"]
[EventType "tourn"]
[EventRounds "7"]
[EventCountry "AUS"]
[TimeControl "3600+30"]
[WhiteElo "1554"]
[BlackElo "1571"]
[ECO "D92"]
[PlyCount "50"]

1. d4 Nf6 2. c4 g6 3. Nf3 Bg7 4. Nc3 d5 5. Bf4 O-O 6. h3 b6 7. e3 Bb7 8. cxd5
Nxd5 9. Nxd5 Bxd5 10. Bd3 c5 11. Rc1 cxd4 12. Nxd4 e5 13. e4 Bb7 14. Bxe5 Bxe5
15. Nf3 Bxb2 16. Rc2 Bg7 17. O-O Nc6 18. a3 Ne5 19. Nxe5 Bxe5 20. f4 Bd4+ 21.
Kh2 Bc5 22. Qf3 a5 23. Bc4 Qd4 24. Re1 Rae8 25. f5 Bxe4 0-1

[Event "2022 Norbert Muller Cup (Division C)"]
[Site "Woodvale, Perth WA AUS"]
[Date "2022.10.12"]
[Round "1"]
[White "Bhatia, Abhay"]
[Black "Leech, Martin"]
[Result "1-0"]
[EventDate "2022.10.12"]
[EventType "tourn"]
[EventRounds "7"]
[EventCountry "AUS"]
[TimeControl "3600+30"]
[WhiteElo "1598"]
[BlackElo "1512"]
[ECO "B01"]
[PlyCount "117"]

1. e4 d5 2. exd5 Qxd5 3. Nc3 Qd8 4. d4 Nf6 5. Bc4 Bf5 6. Nf3 e6 7. Bg5 Nbd7 8.
O-O Bd6 9. d5 e5 10. Bb5 O-O 11. Bxd7 Bxd7 12. Ne4 Be7 13. d6 cxd6 14. Nxd6 Bg4
15. Bxf6 Qxd6 16. Qxd6 Bxd6 17. Bxe5 Bxe5 18. Nxe5 Bf5 19. c4 f6 20. Nf3 Bd3
21. Rfc1 Rfe8 22. h4 Rac8 23. b3 h5 24. Rc3 Be4 25. Nd4 a6 26. b4 Kf7 27. f3
Red8 28. Nb3 Rd3 29. Rxd3 Bxd3 30. c5 Bc4 31. Na5 Bd5 32. Rd1 Ke6 33. Nb3 Bxb3
34. Rd6+ Ke7 35. axb3 Rc6 36. Rd5 b6 37. Rxh5 bxc5 38. bxc5 g6 39. Rh7+ Kf8 40.
Ra7 Rxc5 41. Rxa6 Kf7 42. Rb6 Rc1+ 43. Kf2 Rc2+ 44. Kg3 Rb2 45. f4 f5 46. Kf3
Kg7 47. g4 Rb1 48. gxf5 gxf5 49. h5 Rf1+ 50. Ke3 Re1+ 51. Kf2 Rb1 52. h6+ Kh7
53. Ke3 Re1+ 54. Kf2 Re4 55. Kg3 Re3+ 56. Kh4 Re8 57. Kg5 Rf8 58. Rb7+ Kh8 59.
Kg6 1-0

[Event "2022 Norbert Muller Cup (Division C)"]
[Site "Woodvale, Perth WA AUS"]
[Date "2022.10.12"]
[Round "1"]
[White "Rolph, Charlie"]
[Black "Hintz, Steven"]
[Result "0-1"]
[EventDate "2022.10.12"]
[EventType "tourn"]
[EventRounds "7"]
[EventCountry "AUS"]
[TimeControl "3600+30"]
[WhiteElo "1734"]
[BlackElo "1588"]
[ECO "C50"]
[PlyCount "70"]

1. e4 e5 2. Nf3 Nc6 3. Bc4 Nf6 4. d3 Bc5 5. Bg5 d6 6. O-O Be6 7. Nbd2 h6 8. Bh4
g5 9. Bg3 Qd7 10. Bxe6 fxe6 11. Nb3 Bb6 12. Re1 O-O-O 13. d4 exd4 14. Nfxd4
Nxd4 15. Nxd4 e5 16. Nf5 Nxe4 17. Ne7+ Qxe7 18. Qg4+ Kb8 19. Qxe4 h5 20. h3 h4
21. Bh2 Rdf8 22. Re2 Rf6 23. Kf1 Rhf8 24. f3 Qd7 25. Rd1 Qb5 26. c4 Qc5 27. Qg4
Rf5 28. a3 Rf4 29. Qh5 R4f5 30. Qg4 Qc6 31. b4 Bd4 32. b5 Qxc4 33. Qe4 Qxb5 34.
Rb1 Qa6 35. Rb4 Kc8 0-1

[Event "2022 Norbert Muller Cup (Division D)"]
[Site "Woodvale, Perth WA AUS"]
[Date "2022.10.12"]
[Round "1"]
[White "Watson, Jake"]
[Black "Walker, Colin"]
[Result "0-1"]
[EventDate "2022.10.12"]
[EventType "swiss"]
[TimeControl "3600+30"]
[EventRounds "7"]
[EventCountry "AUS"]
[WhiteElo "1175"]
[BlackElo "1452"]
[ECO "C41"]
[PlyCount "76"]

1. e4 e5 2. Nf3 d6 3. c3 Nf6 4. h3 Be7 5. d4 Nbd7 6. Bd3 c5 7. Qa4 O-O 8. Be3
b6 9. Nbd2 Bb7 10. O-O-O a6 11. g4 b5 12. Qa3 c4 13. Bc2 d5 14. b4 exd4 15.
Bxd4 Nxe4 16. Nxe4 dxe4 17. Ne5 Nxe5 18. Bxe5 Qc8 19. Rhe1 Bg5+ 20. Kb1 Re8 21.
Bxe4 Bxe4+ 22. Rxe4 Qc6 23. f3 Re6 24. Qa5 Rae8 25. Rde1 h6 26. a4 f6 27. axb5
axb5 28. f4 Bh4 29. R1e2 fxe5 30. Rxe5 Bf6 31. Rxe6 Rxe6 32. Rxe6 Qxe6 33. Qxb5
Qe4+ 34. Kb2 Qxf4 35. Qd5+ Kh7 36. b5 Qf2+ 37. Ka3 Be7+ 38. Ka4 Qa2# 0-1

[Event "2022 Norbert Muller Cup (Division D)"]
[Site "Woodvale, Perth WA AUS"]
[Date "2022.10.12"]
[Round "1"]
[White "Massam, Justin"]
[Black "Lanham, Bruce"]
[Result "1-0"]
[EventDate "2022.10.12"]
[EventType "swiss"]
[TimeControl "3600+30"]
[EventRounds "7"]
[EventCountry "AUS"]
[WhiteElo "1446"]
[BlackElo "1154"]
[ECO "D02"]
[PlyCount "73"]

1. d4 d5 2. Nf3 Nf6 3. Bf4 e6 4. c3 Bd6 5. e3 c5 6. Nbd2 Qc7 7. Bxd6 Qxd6 8.
Ne5 Nbd7 9. Ndf3 O-O 10. Bb5 Ne4 11. Nxd7 Bxd7 12. Bd3 cxd4 13. exd4 Rfc8 14.
O-O b5 15. Ne5 Rab8 16. Qf3 f6 17. Nxd7 Nd2 18. Qh5 f5 19. Nxb8 Nxf1 20. Rxf1
Rxb8 21. Re1 a5 22. Bxb5 Qe7 23. a4 g6 24. Qe2 Kf7 25. g3 Rb6 26. Qe3 Rd6 27.
Qh6 Kf6 28. Qh4+ Kf7 29. Qxh7+ Kf6 30. Qxe7+ Kxe7 31. b4 axb4 32. cxb4 Rb6 33.
Rc1 Kf6 34. f4 g5 35. fxg5+ Kxg5 36. Rc6 Rxc6 37. Bxc6 1-0

[Event "2022 Norbert Muller Cup (Division D)"]
[Site "Woodvale, Perth WA AUS"]
[Date "2022.10.12"]
[Round "1"]
[White "Brooke, John"]
[Black "Gough, Sebastian"]
[Result "0-1"]
[EventDate "2022.10.12"]
[EventType "swiss"]
[TimeControl "3600+30"]
[EventRounds "7"]
[EventCountry "AUS"]
[WhiteElo "1360"]
[BlackElo "1006"]
[ECO "D00"]
[PlyCount "128"]

1. d4 Nf6 2. Nc3 d5 3. Nf3 Nc6 4. h3 g6 5. Bf4 Bf5 6. a3 Bg7 7. e3 O-O 8. Be2
e6 9. Nh4 Ne7 10. g4 Be4 11. f3 Bxf3 12. Nxf3 Ne4 13. Nxe4 dxe4 14. Nd2 f5 15.
Bc4 Qc8 16. g5 c6 17. Qe2 b5 18. Ba2 Nd5 19. Be5 Bxe5 20. dxe5 a6 21. c4 Nc7
22. h4 Rd8 23. Rd1 Rd3 24. Kf2 Qd7 25. Nb3 Rd8 26. Nc5 Rxd1 27. Rxd1 Qxd1 28.
Qxd1 Rxd1 29. Kg3 Rg1+ 30. Kf2 Rc1 31. Bb3 bxc4 32. Ba4 c3 33. bxc3 Rxc3 34.
Nd7 Rxa3 35. Bxc6 Ra2+ 36. Kg3 a5 37. Nf6+ Kg7 38. h5 gxh5 39. Nxh5+ Kg6 40.
Nf4+ Kf7 41. Nh5 a4 42. Nf6 Kg6 43. Nd7 Kxg5 44. Nc5 a3 45. Nb3 h5 46. Ba4 h4+
47. Kh3 f4 48. exf4+ Kxf4 49. Nc1 Ra1 50. Ne2+ Ke3 51. Nc3 a2 52. Bb3 Rh1+ 53.
Kg2 Ra1 54. Bxa2 Rxa2+ 55. Nxa2 Kd2 56. Nb4 e3 57. Kh3 e2 58. Kxh4 e1=Q+ 59.
Kh3 Qg1 60. Nc6 Ke3 61. Ne7 Kf4 62. Ng6+ Qxg6 63. Kh2 Kf3 64. Kh1 Qg2# 0-1

[Event "2022 Norbert Muller Cup (Division D)"]
[Site "Woodvale, Perth WA AUS"]
[Date "2022.10.12"]
[Round "1"]
[White "Kwenda, Ridge"]
[Black "Powell, Darren"]
[Result "1-0"]
[EventDate "2022.10.12"]
[EventType "swiss"]
[TimeControl "3600+30"]
[EventRounds "7"]
[EventCountry "AUS"]
[WhiteElo "1052"]
[BlackElo "1286"]
[ECO "C47"]
[PlyCount "73"]

1. e4 e5 2. Nf3 d6 3. d3 Nc6 4. Nc3 Bg4 5. Be2 Nf6 6. Bg5 Be7 7. O-O Qd7 8. b3
O-O-O 9. a4 h6 10. Bxf6 gxf6 11. Nd5 Rdg8 12. Nh4 Nd4 13. Nxe7+ Qxe7 14. Bxg4+
Ne6 15. h3 Kb8 16. Nf5 Qe8 17. Qd2 Nf4 18. Ne3 h5 19. Bf5 Rg7 20. g3 Nxh3+ 21.
Bxh3 h4 22. Nf5 Rg6 23. Nxh4 Rxh4 24. Kh2 Qc8 25. gxh4 Qh8 26. Qe3 Qxh4 27. Rg1
Rg5 28. Rg3 b6 29. Rag1 Rh5 30. Rg4 Qxh3+ 31. Qxh3 Rxh3+ 32. Kxh3 Kb7 33. Rg7
Kc6 34. Rxf7 b5 35. axb5+ Kxb5 36. Rxc7 a5 37. Ra1 1-0

[Event "2022 Norbert Muller Cup (Division A)"]
[Site "Woodvale, Perth WA AUS"]
[Date "2022.10.19"]
[Round "2"]
[White "Saxon, Marc"]
[Black "Maris, Rob"]
[Result "1-0"]
[EventDate "2022.10.12"]
[EventType "tourn"]
[EventRounds "7"]
[EventCountry "AUS"]
[TimeControl "3600+30"]
[WhiteElo "2023"]
[BlackElo "2072"]
[ECO "B45"]
[PlyCount "63"]

1. e4 c5 2. Nf3 Nc6 3. d4 cxd4 4. Nxd4 e6 5. a3 Nf6 6. Nc3 d5 7. Bb5 Bd7 8.
exd5 Nxd4 9. Bxd7+ Qxd7 10. Qxd4 Nxd5 11. Nxd5 Qxd5 12. Qxd5 exd5 13. Be3 Kd7
14. O-O-O Kc6 15. Rd3 b6 16. Rhd1 Rd8 17. c4 Be7 18. Rxd5 Rxd5 19. Rxd5 g6 20.
Kc2 a6 21. Kd3 f5 22. b4 Rf8 23. Bd4 Bd6 24. Bxb6 Bxh2 25. Bc5 Ra8 26. g3 f4
27. g4 a5 28. b5+ Kc7 29. Bd6+ Kb7 30. Ke4 Re8+ 31. Re5 Rd8 32. c5 1-0

[Event "2022 Norbert Muller Cup (Division A)"]
[Site "Woodvale, Perth WA AUS"]
[Date "2022.10.19"]
[Round "2"]
[White "Gibson, Jacob"]
[Black "Wolstencroft, Alan"]
[Result "0-1"]
[EventDate "2022.10.12"]
[EventType "tourn"]
[EventRounds "7"]
[EventCountry "AUS"]
[TimeControl "3600+30"]
[WhiteElo "1917"]
[BlackElo "1900"]
[ECO "B90"]
[PlyCount "101"]

1. e4 c5 2. Nf3 d6 3. d4 cxd4 4. Nxd4 Nf6 5. Nc3 a6 6. Be3 e5 7. Nb3 Be6 8. f3
Nbd7 9. Qd2 b5 10. g4 Nb6 11. g5 Nfd7 12. Na5 Rc8 13. Nd5 Nxd5 14. exd5 Bf5 15.
Nc6 Qc7 16. Bd3 Bxd3 17. Qxd3 Nb8 18. Nxb8 Rxb8 19. f4 Qc4 20. Qxc4 bxc4 21. b3
c3 22. O-O Be7 23. Rad1 f6 24. Rd3 Rc8 25. a4 O-O 26. fxe5 fxe5 27. Rxf8+ Kxf8
28. h4 Kf7 29. Bf2 Kg6 30. Kg2 h6 31. gxh6 Kxh6 32. Rg3 Bxh4 33. Rh3 g5 34.
Bxh4 gxh4 35. Rxh4+ Kg5 36. Rh3 Rc5 37. Kf2 Kf4 38. Re3 a5 39. Ke2 e4 40. Rh3
Rxd5 41. Rxc3 Rc5 42. Rxc5 dxc5 43. Kf2 e3+ 44. Ke2 Ke4 45. c3 Kf4 46. b4 cxb4
47. cxb4 axb4 48. a5 b3 49. a6 b2 50. a7 b1=Q 51. a8=Q 0-1

[Event "2022 Norbert Muller Cup (Division A)"]
[Site "Woodvale, Perth WA AUS"]
[Date "2022.10.19"]
[Round "2"]
[White "Maggs, Derwent"]
[Black "Lakner, Jay"]
[Result "1-0"]
[EventDate "2022.10.12"]
[EventType "tourn"]
[EventRounds "7"]
[EventCountry "AUS"]
[TimeControl "3600+30"]
[WhiteElo "2310"]
[BlackElo "2099"]
[ECO "A80"]
[PlyCount "105"]

1. d4 f5 2. Nc3 d5 3. Bf4 Nf6 4. Nf3 c6 5. e3 e6 6. Bd3 Be7 7. O-O O-O 8. Ne2
Ne4 9. Bxe4 dxe4 10. Ne5 g5 11. Bg3 c5 12. c3 b6 13. Qb3 Rf6 14. Rad1 Qe8 15.
d5 Ba6 16. c4 exd5 17. Rxd5 Qh5 18. f3 Bb7 19. Rd2 exf3 20. Nxf3 Re6 21. h4 h6
22. Kf2 Nc6 23. hxg5 hxg5 24. Qd1 Re8 25. Rd5 Qg4 26. Qd3 Rf8 27. Nh2 Nb4 28.
Nxg4 Nxd3+ 29. Rxd3 fxg4+ 30. Kg1 Rxf1+ 31. Kxf1 Bc8 32. Nc3 Kf7 33. Nb5 a6 34.
Nc7 Re4 35. b3 Bf6 36. Kf2 Bg7 37. Rd6 b5 38. cxb5 axb5 39. Nxb5 Bf8 40. Rd8
Be6 41. Bd6 Be7 42. Rb8 Bd7 43. Bxe7 Kxe7 44. Nc3 Re5 45. e4 Kd6 46. Ke3 Bc6
47. Rg8 Be8 48. Rg7 Kc6 49. Nd5 Kd6 50. a4 c4 51. bxc4 Bxa4 52. Kd4 Be8 53. c5+
1-0

[Event "2022 Norbert Muller Cup (Division A)"]
[Site "Woodvale, Perth WA AUS"]
[Date "2022.10.19"]
[Round "2"]
[White "Plaganyi, Gyula"]
[Black "Davoll, Josh"]
[Result "0-1"]
[EventDate "2022.10.12"]
[EventType "tourn"]
[EventRounds "7"]
[EventCountry "AUS"]
[TimeControl "3600+30"]
[WhiteElo "1891"]
[WhiteTitle "CM"]
[BlackElo "1911"]
[ECO "A13"]
[PlyCount "26"]

1. c4 e6 2. g3 d5 3. Bg2 dxc4 4. Qa4+ Bd7 5. Qxc4 Bc6 6. Nf3 Nf6 7. O-O Be7 8.
Nc3 O-O 9. d3 Nbd7 10. b4 Nb6 11. Qb3 Nfd5 12. a3 Nxc3 13. Qxc3 Bf6 0-1

[Event "2022 Norbert Muller Cup (Division B)"]
[Site "Woodvale, Perth WA AUS"]
[Date "2022.10.19"]
[Round "2"]
[White "Clarke, Daniel"]
[Black "O'Shaughnessy, Dave"]
[Result "0-1"]
[EventDate "2022.10.12"]
[EventType "tourn"]
[EventRounds "7"]
[EventCountry "AUS"]
[TimeControl "3600+30"]
[WhiteElo "1834"]
[BlackElo "1788"]
[ECO "C44"]
[PlyCount "56"]

1. e4 e5 2. Nf3 Nc6 3. Bb5 Nge7 4. c3 d5 5. Nxe5 dxe4 6. Qa4 Qd5 7. Nxc6 Nxc6
8. Bxc6+ bxc6 9. O-O Bd6 10. Re1 O-O 11. Qxe4 Qxe4 12. Rxe4 Bf5 13. Re3 Bf4 14.
d4 Rfe8 15. Na3 Bxe3 16. Bxe3 Be6 17. Nc2 f6 18. Nb4 a5 19. Nd3 a4 20. Nc5 g5
21. Kf1 Bc4+ 22. Kg1 Kf7 23. h4 h6 24. hxg5 hxg5 25. Kh2 Kg6 26. g4 Bd5 27. Kg3
Re7 28. f3 Rxe3 0-1

[Event "2022 Norbert Muller Cup (Division B)"]
[Site "Woodvale, Perth WA AUS"]
[Date "2022.10.19"]
[Round "2"]
[White "Leonhardt, Wolfgang"]
[Black "Doshi, Chirag"]
[Result "1-0"]
[EventDate "2022.10.12"]
[EventType "tourn"]
[EventRounds "7"]
[EventCountry "AUS"]
[TimeControl "3600+30"]
[WhiteElo "1776"]
[BlackElo "1831"]
[ECO "B15"]
[PlyCount "60"]

1. e4 c6 2. d4 d5 3. Nc3 dxe4 4. f3 e6 5. a3 exf3 6. Nxf3 Nf6 7. Bd3 Be7 8. Be3
b6 9. Ne5 Bb7 10. Qe2 a5 11. h3 Nbd7 12. Rd1 b5 13. O-O O-O 14. Ne4 Nd5 15. Bc1
b4 16. Qh5 f5 17. Ng5 Bxg5 18. Bxg5 N7f6 19. Qe2 bxa3 20. c3 Qc8 21. Nc4 axb2
22. Qxb2 Qc7 23. Rde1 h6 24. Bc1 Rab8 25. Qa3 Qe7 26. Qxe7 Nxe7 27. Ba3 Nfd5
28. Rc1 Rfc8 29. g4 fxg4 30. hxg4 Ba6 1-0

[Event "2022 Norbert Muller Cup (Division B)"]
[Site "Woodvale, Perth WA AUS"]
[Date "2022.10.19"]
[Round "2"]
[White "Janceski, Alex"]
[Black "Garang, Kuol Awan"]
[Result "1-0"]
[EventDate "2022.10.12"]
[EventType "tourn"]
[EventRounds "7"]
[EventCountry "AUS"]
[TimeControl "3600+30"]
[WhiteElo "1886"]
[BlackElo "1666"]
[ECO "C59"]
[PlyCount "122"]

1. e4 e5 2. Nf3 Nc6 3. Bc4 Nf6 4. Ng5 d5 5. exd5 Na5 6. Bb5+ c6 7. dxc6 bxc6 8.
Be2 Nd5 9. d3 Bc5 10. O-O O-O 11. Ne4 Bb6 12. c4 Ne7 13. b4 Bd4 14. Nbc3 f5 15.
Bb2 Nxc4 16. dxc4 fxe4 17. Qc2 Bf5 18. Rad1 e3 19. Bd3 exf2+ 20. Kh1 Qc8 21.
Ne4 Bxe4 22. Bxe4 Nf5 23. Bxf5 Qxf5 24. Qxf5 Rxf5 25. Bxd4 exd4 26. Rxd4 Re8
27. g3 Re2 28. a4 a6 29. Kg2 Rb2 30. c5 Ra2 31. a5 Rb2 32. h3 g5 33. Rd6 Rxb4
34. Rxc6 Rb5 35. Rxa6 Rbxc5 36. Ra8+ Kg7 37. a6 Kh6 38. Rb8 Ra5 39. Rb6+ Kg7
40. Rxf2 Rxf2+ 41. Kxf2 h5 42. Rb7+ Kf6 43. a7 Ke6 44. Ke3 Kd6 45. Ke4 Kc6 46.
Rg7 h4 47. g4 Kb6 48. Rxg5 Ra4+ 49. Kf5 Kxa7 50. Rh5 Ra5+ 51. Kg6 Ra6+ 52. Kg7
Rb6 53. Rxh4 Rb7+ 54. Kg6 Rb6+ 55. Kh5 Rb7 56. g5 Rb5 57. Rc4 Rd5 58. h4 Kb6
59. Kh6 Kb5 60. Rc1 Rd8 61. Rc7 Kb6 1-0